 Dungeon Crawl Stone Soup version 0.25.1-2-g60ff931df9 (webtiles) character file.

Game seed: 2713552149447473763

143 Descartes the Sneak (level 5, -6/24 HPs)
             Began as a Felid Wanderer on Aug 2, 2020.
             Killed from afar by an orc wizard (8 damage)
             ... with a puff of flame
             ... on level 4 of the Dungeon.
             The game lasted 00:06:12 (4741 turns).

Descartes the Sneak (Felid Wanderer)                Turns: 4741, Time: 00:06:14

Health: -6/24      AC:  1    Str:  9    XL:     5   Next: 4%
Magic:  6/6        EV: 21    Int: 12    God:
Gold:   104        SH:  0    Dex: 17    Spells: 4/4 levels left
                                        Lives:  0   Deaths: 1

rFire    . . .     SeeInvis +     - Unarmed
rCold    . . .     Gourm    .   (shield unavailable)
rNeg     . . .     Faith    .   (armour unavailable)
rPois    .         Spirit   .   (helmet unavailable)
rElec    .         Reflect  .   (cloak unavailable)
rCorr    .         Harm     .   (gloves unavailable)
MR       .....                  (boots unavailable)
Stlth    ++++......             (no amulet)
HPRegen  0.08/turn              (no ring)
MPRegen  0.10/turn              (no ring)

@: quick
A: very small, no armour, no weapons or thrown items, stealth, claws 1, fangs 3,
see invisible, carnivore, speed 1, shaggy fur 1, slow metabolism 1, sharp paws
a: no special abilities


You were on level 4 of the Dungeon.
You were completely stuffed.

You visited 1 branch of the dungeon, and saw 4 of its levels.

You collected 104 gold pieces.

Inventory:

Missiles
 o - 88 stones
 r - 40 arrows
Jewellery
 q - a +4 ring of slaying {unknown}
 u - an uncursed amulet of guardian spirit {unknown}
Scrolls
 d - 4 scrolls of identify {unknown}
 g - 2 scrolls of noise {unknown}
 h - 2 scrolls of enchant armour {unknown}
 i - a scroll of fog {unknown}
 j - 2 scrolls of teleportation {unknown}
 k - a scroll of random uselessness {unknown}
 l - 2 scrolls of magic mapping {unknown}
 m - a scroll of amnesia {unknown}
 s - 3 scrolls of remove curse {unknown}
Potions
 a - 2 potions of berserk rage
 b - 2 potions of lignification
 e - a potion of mutation {unknown}
 f - 2 potions of degeneration {unknown}
 n - 2 potions of heal wounds {unknown}
 p - a potion of ambrosia {unknown}
 t - a potion of curing {unknown}
Comestibles
 c - 6 rations
 v - a chunk of flesh


   Skills:
 - Level 3.0 Fighting
 + Level 5.3 Dodging
 + Level 6.6 Stealth
 - Level 4.0 Unarmed Combat
   Level 1.1 Evocations


You had 4 spell levels left.
You didn't know any spells.
Your spell library was empty.

Dungeon Overview and Level Annotations

Branches:
Dungeon (4/15)
 Temple: D:4-7

Altars:
Fedhas
Nemelex Xobeh
Trog
Wu Jian

Annotations:
D:3 exclusion: oklob plant
D:4 Dowan, Duvessa


Innate Abilities, Weirdness & Mutations

You cannot wear armour.
You are incapable of wielding weapons or throwing items.
Your paws allow you to move quietly. (Stealth)
You have sharp claws.
You have razor-sharp teeth.
You have supernaturally acute eyesight. (SInv)
You are carnivorous and can eat meat at any time.
You cover ground quickly.
You are covered in fur. (AC +1)
You have a slow metabolism.
Your sharp claws are effective at attacking unaware monsters.


Message History

The orc wizard is severely wounded.
The orc wizard mumbles some strange words.
The orc wizard flickers and vanishes for a moment.
The orc wizard closely misses you.
You scratch the orc wizard. Your bite misses the orc wizard.
The orc wizard is almost dead.
The orc wizard misses you.
You scratch the orc wizard but do no damage.
The orc wizard is almost dead.
The orc wizard hits you with a +0 dagger.
* * * LOW HITPOINT WARNING * * *
You barely miss the orc wizard.
The orc wizard is almost dead.
The orc wizard points at you and mumbles some strange words.
The puff of flame misses you.
You closely miss the orc wizard.
The orc wizard is almost dead.
The orc wizard gestures at you while chanting.
The puff of flame hits you!
You die...

#.# #)# #. .# #)# #. #.#
#.# #. #.# #.# #.##.# #.#
#.##.# #.# ####.##.# #.#
##....##o###########
#.####.....@oo...........
#.......#####....)..#
######..# #.#####.# #..#
###.# # #..# #...#
#..###.#.# #..##....####
#..##.........
#....)......##


You could see 2 orc wizards and an orc.

Vanquished Creatures
  Sigmund (D:2)
  Robin (D:1)
  An adder (D:2)
  A worm (D:2)
  A dart slug (D:1)
  A leopard gecko (D:1)
  5 orcs (D:4)
  A ball python (D:1)
  4 giant cockroaches
  18 goblins
  11 hobgoblins
  4 jackals (D:1)
  6 kobolds
  A quokka (D:2)
  4 bats
  6 rats
  2 fungi (D:3)
  A plant (D:3)
69 creatures vanquished.

Notes
Turn   | Place    | Note
-------+----------+-------------------------------------------
     0 | D:1      | Descartes the Felid Wanderer began the quest for the Orb.
     0 | D:1      | Descartes set off with the following items: a potion of
                  | berserk rage, 2 potions of lignification, a ration
     0 | D:1      | Reached XP level 1. HP: 10/10 MP: 2/2
   165 | D:1      | Reached skill level 3 in Stealth
   235 | D:1      | Reached skill level 1 in Dodging
   345 | D:1      | Reached XP level 2. HP: 8/14 MP: 3/3
  1121 | D:2      | Found a sparkling altar of Nemelex Xobeh.
  1128 | D:2      | Noticed Robin
  1129 | D:2      | Noticed Sigmund
  1171 | D:2      | Reached skill level 4 in Stealth
  1320 | D:1      | Killed Robin
  1320 | D:1      | Reached XP level 3. HP: 8/17 MP: 4/4
  2195 | D:2      | Reached XP level 4. HP: 21/21 MP: 5/5
  2555 | D:2      | Killed Sigmund
  2555 | D:2      | Reached skill level 5 in Dodging
  2555 | D:2      | Reached skill level 6 in Stealth
  2555 | D:2      | Reached XP level 5. HP: 5/24 MP: 6/6
  3085 | D:2      | Found a bloodstained altar of Trog.
  3883 | D:3      | Found a blossoming altar of Fedhas.
  3896 | D:3      | Noticed an oklob plant
  3962 | D:3      | Splashed by an oklob plant's acid
  3963 | D:3      | Reached XP level 4. HP: 0/21 MP: 5/5
  4122 | D:4      | Found a bloodstained altar of Trog.
  4358 | D:4      | Noticed Dowan
  4359 | D:4      | Noticed Duvessa
  4382 | D:4      | Found an ornate altar of the Wu Jian Council.
  4675 | D:4      | Reached XP level 5. HP: 24/24 MP: 6/6
  4741 | D:4      | Killed from afar by an orc wizard

Illustrated notes

Levels and vault maps discovered:
D:1:      dpeg_arrival_simpleton_c, layout_basic
D:2:      layout_basic, marbit_many_paths, nemelex_xobeh_ov_fountains_minmay,
          uniq_sigmund, uniq_robin
D:3:      layout_basic, tgw_fedhas, minmay_strange_pillars
D:4:      layout_loops_ring, lemuel_crystal_altar, first_ration,
          trog_hazing_becter, uniq_duvessa

Skill      XL: |  1  2  3  4 |
---------------+-------------+-----
Stealth        | 3 4 6 |  6.6
Dodging        | 1 2 3 5 |  5.3
Fighting       | |  3.0
Unarmed Combat | |  4.0
Evocations     | |  1.1

Action                   |  1- 3 |  4- 6 || total
-------------------------+-------+-------++-------
Melee: Unarmed           |    93 |   168 ||   261
       Bite              |     9 |    23 ||    32
       Punch             |     2 |     5 ||     7
 Stab: Sleeping          |     8 |     6 ||    14
       Distracted        |       |     2 ||     2
  Eat: Chunk             |    10 |    10 ||    20
Armor: Skin              |     6 |     4 ||    10
Dodge: Dodged            |    62 |    93 ||   155
